 Dungeon Crawl Stone Soup version 0.23.2-33-g5129a83184 (webtiles) character file.

Game seed: 13243337897069552874

235 Lokunos the Sneak (level 6, 0/37 HPs)
             Began as a Tengu Assassin on June 27, 2019.
             Succumbed to a worker ant's poison
             ... on level 4 of the Dungeon on July 2, 2019.
             The game lasted 00:17:06 (3464 turns).

Lokunos the Sneak (Tengu Assassin)                  Turns: 3464, Time: 00:17:06

Health: 0/37       AC:  4    Str: 11    XL:     6   Next: 5%
Magic:  7/7        EV: 16    Int: 11    God:
Gold:   204        SH:  0    Dex: 18    Spells: 5/5 levels left

rFire    . . .     SeeInvis .   a - +2 dagger
rCold    . . .     Gourm    .   (no shield)
rNeg     . . .     Faith    .   c - +0 robe
rPois    .         Spirit   .   (helmet restricted)
rElec    .         Reflect  .   d - +0 cloak
rCorr    .         Harm     .   w - +0 pair of gloves
MR       .....                  (boots unavailable)
Stlth    +++.......             (no amulet)
HPRegen  0.12/turn              (no ring)
MPRegen  0.10/turn              (no ring)

@: lethally poisoned (0 -> -8), flying quickly and evasively, quick
A: beak, talons 3, able to fly
a: Stop Flying


You were on level 4 of the Dungeon.
You were not hungry.

You visited 1 branch of the dungeon, and saw 4 of its levels.

You collected 204 gold pieces.

Inventory:

Hand Weapons
 a - a +2 dagger (weapon)
 b - a +0 blowgun
 i - a +1 hand axe of electrocution
 o - a +0 hunting sling
 t - a +1 flail of crushing
Missiles
 e - 23 poisoned needles
 f - 2 curare-tipped needles
 g - 58 sling bullets
 r - 105 stones (quivered)
 s - 17 arrows
Armour
 c - a +0 robe (worn)
 d - a +0 cloak (worn)
 l - a +0 chain mail
 u - a +0 cloak
 w - a +0 pair of gloves (worn)
Wands
 q - a wand of flame (19)
Scrolls
 m - a scroll of teleportation
Potions
 h - 3 potions of curing
 j - a potion of haste {unknown}
 n - 5 potions of flight {unknown}
 p - a potion of invisibility {unknown}
Comestibles
 v - a ration


   Skills:
 + Level 3.4 Fighting
 + Level 3.8 Short Blades
 - Level 2.0 Throwing
 + Level 3.2 Dodging
 + Level 5.1 Stealth


You had 5 spell levels left.
You didn't know any spells.
Your spell library was empty.

Dungeon Overview and Level Annotations

Branches:
Dungeon (4/15)
 Temple: D:4-7

Altars:
Okawaru
Sif Muna


Innate Abilities, Weirdness & Mutations

You have a beak for a mouth.
You have claws for feet.
You can fly continuously.


Message History

The worker ant bites you but does no damage.
You hit the worker ant but do no damage.
You claw the worker ant. Your peck misses the worker ant.
The worker ant is moderately wounded.
The worker ant closely misses you.
You hit the worker ant. You claw the worker ant. You peck the worker ant.
The worker ant is severely wounded.
The worker ant bites you.
* * * LOW HITPOINT WARNING * * *
You closely miss the worker ant.
The worker ant is severely wounded.
The worker ant bites you.
* * * LOW HITPOINT WARNING * * *
You are lethally poisoned!
The worker ant poisons you!
You hit the worker ant but do no damage.
Your kick misses the worker ant.
You peck the worker ant, but do no damage.
The worker ant is severely wounded.
You die...

#.##.............#
#.########.......###
### #.#
#...#........ ..##.#
#.###..###### . ..!.
##.# #.#######
..##.. ###..!#
#.#......
....(.##...#
###.#.#####
#.$.a(††## #.....#
#....@...###.....#
....#(###....#.....#
#. .. ##.#.......#
## #..#......#
##.#.....<.#
............
..........##..
$#.#.#....# ##
...........#


You could see a worker ant.

Vanquished Creatures
  A jelly (D:2)
  A hound (D:4)
  Ijyb (D:3)
  Natasha (D:4)
  A worker ant (D:4)
  Terence (D:2)
  3 adders
  2 worms
  2 dart slugs (D:1)
  An orc (D:3)
  4 giant cockroaches
  8 goblins
  4 hobgoblins
  2 jackals (D:2)
  A ball python (D:2)
  3 bats
  3 frilled lizards
  3 kobolds (D:1)
  9 rats
51 creatures vanquished.

Notes
Turn   | Place    | Note
-------+----------+-------------------------------------------
     0 | D:1      | Lokunos the Tengu Assassin began the quest for the Orb.
     0 | D:1      | Reached XP level 1. HP: 12/12 MP: 2/2
   262 | D:1      | Reached XP level 2. HP: 17/17 MP: 3/3
   966 | D:1      | Reached XP level 3. HP: 22/22 MP: 4/4
  1622 | D:2      | Found a deep blue altar of Sif Muna.
  1625 | D:2      | Found an iron altar of Okawaru.
  1843 | D:2      | Reached XP level 4. HP: 12/27 MP: 5/5
  2275 | D:2      | Noticed Terence
  2301 | D:2      | Killed Terence
  2411 | D:3      | Noticed Ijyb
  2446 | D:3      | Killed Ijyb
  2446 | D:3      | Gained mutation: You can fly continuously. [Tengu growth]
  2446 | D:3      | Reached XP level 5. HP: 3/32 MP: 6/6
  3354 | D:4      | Noticed Natasha
  3363 | D:4      | Killed Natasha
  3433 | D:4      | Reached skill level 5 in Stealth
  3460 | D:4      | Reached XP level 6. HP: 10/37 MP: 7/7
  3463 | D:4      | HP: 1/37 [worker ant (5)]
  3464 | D:4      | Succumbed to a worker ant's poison

Skill      XL: |  1  2  3  4  5 |
---------------+----------------+-----
Dodging        | 2 3 |  3.2
Short Blades   | 3 |  3.8
Fighting       | 3 |  3.4
Stealth        | 5 |  5.1
Throwing       | |  2.0

Action                   |  1- 3 |  4- 6 || total
-------------------------+-------+-------++-------
Melee: Dagger            |    61 |    95 ||   156
       Kick              |     8 |    33 ||    41
       Peck              |     6 |    19 ||    25
 Fire: Blowgun           |     3 |    10 ||    13
Throw: Stone             |       |    12 ||    12
 Abil: Fly               |       |     1 ||     1
  Use: Scroll            |       |     8 ||     8
 Stab: Sleeping          |     7 |     2 ||     9
  Eat: Ration            |     1 |     2 ||     3
Armor: Robe              |     9 |    12 ||    21
Dodge: Dodged            |    22 |    53 ||    75
